 Dungeon Crawl Stone Soup version 0.20.1-1-g8b1a95d (webtiles) character file.

274 Jazqa the Cutter (level 6, -2/40 HPs)
             Began as a Kobold Berserker on Nov 1, 2017.
             Was a Believer of Trog.
             Slain by Duvessa
             ... wielding a +0 short sword
              (6 damage)
             ... on level 4 of the Dungeon.
             The game lasted 00:05:58 (2487 turns).

Jazqa the Cutter (Kobold Berserker)                 Turns: 2487, Time: 00:05:59

Health: -2/40      AC:  3    Str: 14    XL:     6   Next: 49%
Magic:  6/6        EV: 16    Int:  9    God:    Trog [**....]
Gold:   133        SH:  0    Dex: 16    Spells: 5/5 levels left

rFire    . . .     SeeInvis .   a - +4 dagger
rCold    . . .     Gourm    .   (shield restricted)
rNeg     . . .     Faith    .   i - +1 animal skin
rPois    .         Spirit   .   (no helmet)
rElec    .         Reflect  .   (no cloak)
rCorr    .         Harm     .   (no gloves)
MR       .....                  (no boots)
Stlth    +++.......             g - amulet of regeneration
Regen    0.6/turn               Q - ring of stealth
MPRegen  0.1/turn               c - ring of loudness

@: berserk cooldown, very slightly contaminated, slowed, drained, very slow
A: carnivore 3
a: Berserk, Trog's Hand, Burn Spellbooks, Renounce Religion


You were on level 4 of the Dungeon.
You worshipped Trog.
Trog was pleased with you.
You were very full.

You visited 1 branch of the dungeon, and saw 4 of its levels.

You collected 133 gold pieces.


Innate Abilities, Weirdness & Mutations

You are small and have problems with some larger weapons.
You are carnivorous and can eat meat at any time.


   Skills:
 + Level 4.9(4.6) Fighting
 + Level 5.8(5.5) Short Blades
 - Level 1.5(1.3) Armour
 + Level 3.3(3.0) Dodging
 + Level 4.5(4.2) Stealth


You had 5 spell levels left.
You didn't know any spells.

Inventory:

Hand Weapons
 a - a +4 dagger (weapon)
 b - a +0 arbalest
Missiles
 m - 37 bolts
Armour
 i - a +1 animal skin (worn)
Jewellery
 c - a ring of loudness (right hand)
 g - an amulet of regeneration (around neck)
 C - an uncursed ring of ice
 Q - a ring of stealth (left hand)
Scrolls
 e - a scroll of immolation {!r}
 k - 2 scrolls of blinking
 o - a scroll of enchant armour
Potions
 f - 2 potions of haste {unknown}
 h - 2 potions of flight {unknown}
 l - a potion of brilliance {unknown}
 t - a potion of curing {unknown}
 u - a potion of mutation {unknown}
 v - a potion of heal wounds {unknown}
 w - a potion of degeneration {unknown}
Comestibles
 j - 2 royal jellies {@e3}
 p - 3 chunks of flesh
 x - 4 meat rations {@e1}

Dungeon Overview and Level Annotations

Branches:
Dungeon (4/15)
 Temple: D:4-7

Altars:
Cheibriados
Okawaru

Shops:
D:4 *

Annotations:
D:4 Dowan, Duvessa, Natasha

,****,,,,,,,,,,,,,,,,,,,,,,,,,***
,,,,,,,,,................,,,,,,,,
******,,,..........<......,,,,,**
#....................,,,,,**
#....................,,,,,**
#....................,,,,,,,
#....................,,,,,,*
#....................,,,,,,*
#.......e.e@.........,,,,,,*
#..........5o........>,,,,,,
#(.........h.........,,,,,**
#....................,,,,,*
#........(...........,,,,,*
#..........รท.........,,,,,**
#..........................,
#.........................#*
#.........................##


You could see Duvessa, Dowan, an iron imp, an orc wizard and Natasha.


Message History

* * * LOW HITPOINT WARNING * * *
Dowan, Brother of Duvessa comes into view.
He is wielding a dagger of draining.
You hit the orc wizard.
The orc wizard is moderately wounded.
Natasha misses you. The orc wizard misses you.
Dowan points at you and mumbles some strange words.
The puff of flame hits you!
* * * LOW HITPOINT WARNING * * *
Natasha barely misses you. The iron imp closely misses you.
You hit Natasha.
Natasha is heavily wounded.
The orc wizard hits you with a dagger.
* * * LOW HITPOINT WARNING * * *
Dowan says, "Stay away from my face!"
Dowan points at Duvessa and mumbles some strange words.
Duvessa seems to speed up.
Natasha misses you. The orc wizard hits you with a dagger.
* * * LOW HITPOINT WARNING * * *
You hit the orc wizard.
The orc wizard is severely wounded.
Duvessa hits you but does no damage. The iron imp closely misses you.
Duvessa closely misses you. Natasha barely misses you.
The orc wizard gestures at you while chanting.
You resist with some effort.
Unknown command.
You feel less confused. Duvessa hits you with a short sword.
* * * LOW HITPOINT WARNING * * *
The orc wizard completely misses you. Duvessa hits you with a short sword.
You die...

Skill      XL: |  1  2  3  4  5 |
---------------+----------------+-----
Stealth        | 1 3 4 |  4.5
Fighting       | 4 |  4.9
Short Blades   | 5 |  5.8
Dodging        | 3 |  3.3
Armour         | |  1.5

Action                   |  1- 3 |  4- 6 || total
-------------------------+-------+-------++-------
Melee: Dagger            |    83 |   113 ||   196
       Short sword       |     5 |       ||     5
Invok: Berserk           |     1 |     4 ||     5
  Use: Scroll            |       |     9 ||     9
 Stab: Sleeping          |     2 |     6 ||     8
  Eat: Chunk             |    10 |     6 ||    16
Armor: Animal skin       |    22 |     4 ||    26
Dodge: Dodged            |    81 |    89 ||   170

Vault maps used:
D:1:      dpeg_arrival_triangle_fractal, minmay_misc_feat_chi
D:2:      cheibriados_altar_1, minivault_19
D:3:      okawaru_gym_becter, kennysheep_generic_room_12
D:4:      overflow_temple_1_default, serial_shops,
          nicolae_shop_overgrown_old_shop, first_bread, uniq_natasha,
          uniq_duvessa, uniq_menkaure

Notes
Turn   | Place    | Note
-------+----------+-------------------------------------------
     0 | D:1      | Jazqa the Kobold Berserker began the quest for the Orb.
     0 | D:1      | Reached XP level 1. HP: 14/14 MP: 1/1
   102 | D:1      | Reached XP level 2. HP: 8/19 MP: 2/2
   585 | D:1      | Reached XP level 3. HP: 22/24 MP: 3/3
   785 | D:2      | Reached skill level 1 in Stealth
   915 | D:2      | Found a snail-covered altar of Cheibriados.
   922 | D:2      | Reached ** piety under Trog
   933 | D:2      | Reached skill level 4 in Fighting
  1176 | D:2      | Reached XP level 4. HP: 22/29 MP: 4/4
  1349 | D:2      | Reached skill level 2 in Stealth
  1582 | D:2      | Reached skill level 5 in Short Blades
  1693 | D:3      | Found an iron altar of Okawaru.
  1960 | D:3      | Reached skill level 3 in Stealth
  2026 | D:3      | Reached XP level 5. HP: 34/34 MP: 5/5
  2403 | D:4      | Noticed Natasha
  2404 | D:4      | Found Vovin's Assorted Antiques.
  2406 | D:4      | Noticed Menkaure
  2417 | D:4      | Killed Menkaure
  2417 | D:4      | Reached skill level 3 in Dodging
  2417 | D:4      | Reached skill level 4 in Stealth
  2417 | D:4      | Reached XP level 6. HP: 24/40 MP: 6/6
  2418 | D:4      | Killed Natasha
  2445 | D:4      | Noticed Natasha
  2481 | D:4      | Noticed Duvessa
  2484 | D:4      | Noticed Dowan
  2487 | D:4      | HP: 4/40 [Duvessa/short sword (3)]
  2487 | D:4      | Slain by Duvessa

Vanquished Creatures
  Menkaure (D:4)
  Natasha (D:4)
  5 adders
  An ooze (D:2)
  2 worms
  A dart slug (D:1)
  3 leopard geckos
  3 orcs
  7 giant cockroaches
  3 hobgoblins
  4 jackals (D:3)
  A quokka (D:3)
  7 bats
  8 frilled lizards
  7 goblins
  6 kobolds
  6 rats
66 creatures vanquished.

Vanquished Creatures (others)
  A goblin (D:2)
1 creature vanquished.

Grand Total: 67 creatures vanquished
